 Seeded DCSS version 0.28-a0-589-g333b8329f1 (webtiles) character file.

Game seed: 10188814630872536495 (custom seed)

5057 a11behringer the Basher (level 10, -1/132 HPs)
             Began as a Troll Berserker on Oct 4, 2021.
             Was a Priest of Trog.
             Slain by a gnoll (4 damage)
             ... on level 9 of the Dungeon.
             The game lasted 00:31:14 (6604 turns).

a11behringer the Basher (Troll Berserker)           Turns: 6604, Time: 00:31:15

Health: -1/132     AC:  8    Str: 27    XL:     10   Next: 31%
Magic:  9/9        EV: 10    Int:  3    God:    Trog [***...]
Gold:   463        SH:  0    Dex: 12    Spells: 9/9 levels left

rFire   . . .      SeeInvis .   w - +0 whip (freeze)
rCold   + . .      Faith    .   (no shield)
rNeg    . . .      Spirit   .   r - +0 troll leather armour
rPois   +          Reflect  .   (helmet restricted)
rElec   .          Harm     .   e - +1 cloak
rCorr   .          Rampage  .   (gloves unavailable)
Will    .....                   (boots unavailable)
Stlth   ..........              (no amulet)
HPRegen 2.32/turn               m - ring of protection from cold
MPRegen 0.11/turn               s - ring of poison resistance

@: berserking, very quick
A: large, unfitting armour, claws 3, regeneration 1, shaggy fur 1, tough skin 1
a: Renounce Religion, Berserk, Trog's Hand


You were on level 9 of the Dungeon.
You worshipped Trog.
Trog was most pleased with you.
You visited 1 branch of the dungeon, and saw 9 of its levels.

You collected 463 gold pieces.

Inventory:

Hand Weapons
 a - a +0 mace
 l - a +0 whip
 p - a +3 short sword of speed
 u - a +0 mace of protection
 w - a +0 whip of freezing (weapon)
 C - a +0 giant spiked club of electrocution
 E - a +0 flail of protection
Missiles
 d - 4 silver boomerangs (quivered)
 i - 5 large rocks
Armour
 b - a +0 animal skin
 e - a +1 cloak (worn)
 h - +0 acid dragon scales
 n - a +0 pair of gloves
 q - a +2 pair of gloves
 r - a +0 troll leather armour (worn)
 v - a +0 pair of boots
 y - a +0 robe of positive energy
Jewellery
 m - a ring of protection from cold (left claw)
 s - a ring of poison resistance (right claw)
Wands
 B - a wand of paralysis (8)
 D - a wand of polymorph (4)
Scrolls
 c - 6 scrolls of teleportation
 k - a scroll of magic mapping
 x - a scroll of blinking {unknown}
 G - a scroll of identify
 H - a scroll of fog
Potions
 f - 3 potions of attraction
 g - a potion of flight {unknown}
 j - 2 potions of curing {unknown}
 o - a potion of mutation {unknown}
 t - a potion of brilliance {unknown}
 z - 2 potions of degeneration {unknown}
 A - a potion of might {unknown}


   Skills:
 - Level 2.4 Fighting
 * Level 14.0 Maces & Flails
 + Level 1.5 Armour
 - Level 2.4 Dodging


You had 9 spell levels left.
You didn't know any spells.
Your spell library was empty.

Dungeon Overview and Level Annotations

Branches:
Dungeon (9/15)             Temple (0/1) D:5            Lair (0/6) D:8
    Orc (0/2) D:9

Altars:
Gozag
Okawaru
Qazlal
Uskayaw
Yredelemnul
The Shining One

Shops:
D:6 [


Innate Abilities, Weirdness & Mutations

You are too large for most types of armour.
You have claws for hands.
Your natural rate of healing is unusually fast.
You are covered in fur. (AC +1)
You have tough skin. (AC +1)


Message History

You closely miss the orc warrior.
The orc warrior is severely wounded.
You hit the orc warrior. You freeze the orc warrior.
The orc warrior is severely wounded.
The orc warrior hits you with a +0 broad axe!!
* * * LOW HITPOINT WARNING * * *
The gnoll hits you but does no damage.
You barely miss the orc warrior.
The orc warrior is severely wounded.
A kobold brigand comes into view.
It is wielding a +0 club and quivering curare-tipped darts.
An orc comes into view. It is wielding a +0 whip.
You feel much better.
The kobold brigand shouts!
The orc shouts!
You hear a shout!
The orc warrior hits you with a +0 broad axe.
The gnoll hits you from afar with a +0 spear.
A red film seems to cover your vision as you go berserk!
You feel yourself moving faster!
You feel mighty!
The orc warrior hits you with a +0 broad axe!
* * * LOW HITPOINT WARNING * * *
The gnoll hits you from afar with a +0 spear.
* * * LOW HITPOINT WARNING * * *
You hit the orc warrior. You freeze the orc warrior.
The orc warrior is almost dead.
The orc warrior hits you with a +0 broad axe!
* * * LOW HITPOINT WARNING * * *
You barely miss the orc warrior.
The orc warrior is almost dead.
The gnoll hits you from afar with a +0 spear!
* * * LOW HITPOINT WARNING * * *
You hit the orc warrior but do no damage.
The orc warrior is almost dead.
A kobold comes into view.
It is wielding a +0 dagger and quivering poisoned darts.
You closely miss the orc warrior.
The orc warrior is almost dead.
You hit the orc warrior but do no damage.
The orc warrior is almost dead.
The orc warrior hits you with a +0 broad axe!
* * * LOW HITPOINT WARNING * * *
The gnoll hits you from afar with a +0 spear.
You die...

.... #......# ###.
#......# #. #.#...##
#) #......# # ##
#.######....#.# ..
#.....<.....# .#
#.####...#### .#
..........###g#####.
.####...#.)@oOKK....
#...#####Koo..K.
#...# ....... ....".
....... #.......
......> #......
.$..... #.......
....... .......


You could see a two-headed ogre, an orc warrior, a kobold brigand, a gnoll, 2
orcs and 3 kobolds.

Vanquished Creatures
  A two-headed ogre (D:7)
  Pikel (D:5)
  A cyclops (D:7)
  A troll (D:7)
  Sigmund (D:5)
  A shadow (D:5)
  Eustachio (D:5)
  A steam dragon (D:7)
  3 water moccasins
  An ice beast (D:7)
  An orc warrior (D:7)
  2 sky beasts
  A hornet zombie (D:5)
  A black bear (D:5)
  An ogre (D:6)
  A centaur (D:8)
  2 necrophages (D:7)
  A lemure (D:5)
  A kobold brigand (D:8)
  A bullfrog (D:8)
  4 gnoll sergeants
  A scorpion (D:7)
  A wyvern zombie (D:8)
  A wyvern skeleton (D:7)
  2 water moccasin skeletons
  A centaur zombie (D:8)
  2 hounds
  3 jellies
  Crazy Yiuf (D:7)
  2 orc priests
  A bullfrog skeleton (D:5)
  2 iguanas (D:7)
  3 centaur skeletons
  A scorpion zombie (D:5)
  Natasha (thrice) (D:3)
  3 orc wizards
  21 gnolls
  A howler monkey skeleton (D:7)
  5 adders
  2 shadow imps (D:7)
  A white imp (D:7)
  An ufetubus (D:5)
  5 worms
  A dart slug (D:5)
  14 orcs
  8 ball pythons
  2 bats
  6 endoplasms
  A giant cockroach (D:4)
  5 hobgoblins
  6 jackals
  13 kobolds
  7 quokkas
  8 frilled lizards
  5 goblins
  A jackal skeleton (D:4)
  4 rats
172 creatures vanquished.

Vanquished Creatures (others)
  A fungus (D:7)
  A withered plant (D:3)
2 creatures vanquished.

Grand Total: 174 creatures vanquished

Notes
Turn   | Place    | Note
-------+----------+-------------------------------------------
     0 | D:1      | a11behringer the Troll Berserker began the quest for the
                  | Orb.
     0 | D:1      | Reached XP level 1. HP: 22/22 MP: 0/0
    53 | D:1      | Reached skill level 3 in Maces & Flails
    64 | D:1      | Reached XP level 2. HP: 29/29 MP: 1/1
   747 | D:2      | Reached XP level 3. HP: 35/36 MP: 2/2
   826 | D:2      | Reached ** piety under Trog
   858 | D:2      | Reached skill level 4 in Maces & Flails
  1319 | D:3      | Noticed Natasha
  1324 | D:3      | Killed Natasha
  1325 | D:3      | Reached XP level 4. HP: 44/44 MP: 3/3
  1511 | D:3      | Noticed Natasha
  1526 | D:3      | Killed Natasha
  1527 | D:3      | Reached skill level 5 in Maces & Flails
  1618 | D:3      | Reached XP level 5. HP: 50/50 MP: 4/4
  1717 | D:3      | Found a faded altar of an unknown god.
  1875 | D:3      | Noticed Natasha
  1884 | D:3      | Killed Natasha
  1945 | D:3      | Reached skill level 6 in Maces & Flails
  2102 | D:4      | Reached XP level 6. HP: 55/59 MP: 5/5
  2129 | D:4      | Reached *** piety under Trog
  2806 | D:4      | Found an iron altar of Okawaru.
  3028 | D:5      | Entered Level 5 of the Dungeon
  3104 | D:5      | Noticed Pikel
  3106 | D:5      | Noticed a sky beast
  3128 | D:5      | Killed Pikel
  3129 | D:5      | Reached skill level 8 in Maces & Flails
  3129 | D:5      | Reached XP level 7. HP: 66/66 MP: 6/6
  3270 | D:5      | Reached skill level 9 in Maces & Flails
  3270 | D:5      | Reached XP level 8. HP: 23/74 MP: 7/7
  3366 | D:5      | Noticed Sigmund
  3391 | D:5      | Killed Sigmund
  3464 | D:5      | Reached skill level 10 in Maces & Flails
  3531 | D:5      | Found a staircase to the Ecumenical Temple.
  3639 | D:5      | Noticed Eustachio
  3669 | D:5      | Killed Eustachio
  3874 | D:6      | Found an opulent altar of Gozag.
  3996 | D:6      | Reached skill level 11 in Maces & Flails
  4060 | D:6      | Reached XP level 9. HP: 80/80 MP: 8/8
  4080 | D:6      | Paralysed by a gnoll for 4 turns
  4370 | D:6      | Identified the +1 ring mail of Eseryoto {Contam Str+3
                  | Int+3}
  4451 | D:6      | Found Otutoyn's Antique Armour Emporium.
  4508 | D:7      | Found a basalt altar of Yredelemnul.
  4664 | D:7      | Found a hide-covered altar of Uskayaw.
  4666 | D:7      | Found a stormy altar of Qazlal.
  4751 | D:7      | Reached skill level 12 in Maces & Flails
  5127 | D:7      | Noticed a cyclops
  5127 | D:7      | Noticed a two-headed ogre
  5138 | D:7      | Killed a two-headed ogre
  5139 | D:7      | Reached skill level 13 in Maces & Flails
  5155 | D:7      | Killed a cyclops
  5156 | D:7      | Reached XP level 10. HP: 46/88 MP: 9/9
  5793 | D:7      | Found a runed translucent door.
  5794 | D:7      | Noticed Crazy Yiuf
  5802 | D:7      | Killed Crazy Yiuf
  6080 | D:8      | Reached skill level 1 in Armour
  6302 | D:8      | Found a staircase to the Lair.
  6422 | D:8      | Found a glowing golden altar of the Shining One.
  6551 | D:9      | Found a staircase to the Orcish Mines.
  6568 | D:9      | Noticed a two-headed ogre
  6582 | D:9      | Reached skill level 14 in Maces & Flails
  6604 | D:9      | HP: 3/132 [orc warrior (11)]
  6604 | D:9      | Slain by a gnoll

Illustrated notes

Levels and vault maps discovered:
D:1:      dpeg_arrival_three_same_balls, layout_basic
D:2:      kennysheep_big_flooded_room, layout_basic, chequers_arboretum,
          kennysheep_generic_room_4
D:3:      layout_loops_ring, ebering_ecumenical_altar_petrified, uniq_natasha
D:4:      layout_basic, kennysheep_mini_moat
D:5:      layout_loops_ring, minmay_temple_entry_butterflies, uniq_eustachio,
          uniq_pikel, uniq_sigmund
D:6:      layout_basic, grunt_gozag_breadcrumbs, serial_rivers,
          chequers_serial_rivers_marsh, chequers_serial_rivers_small_a,
          chequers_serial_rivers_small_a, chequers_serial_rivers_small_a,
          chequers_serial_rivers_small_a, serial_shops, shop
D:7:      cheibrodos_barr_body, layout_loops_corners, mainiacjoe_overflow_paths,
          minitemple, uniq_crazy_yiuf_cottage
D:8:      layout_rooms, tso_oasis_becter, lair_entry_dummy
D:9:      layout_basic, nicolae_vehumet_radiance, david_orc_3, serial_shops,
          nicolae_shop_stone, uniq_maggie

Skill      XL: |  1  2  3  4  5  6  7  8  9 10 |
---------------+-------------------------------+-----
Maces & Flails | 3 4 5 6 8 9 11 13 14 | 14.0
Armour         | 1 |  1.5
Fighting       | |  2.4
Dodging        | |  2.4

Action                   |  1- 3 |  4- 6 |  7- 9 | 10-12 || total
-------------------------+-------+-------+-------+-------++-------
Melee: Mace              |   139 |   154 |     3 |       ||   296
       Whip              |       |       |   409 |   269 ||   678
Invok: Trog's Hand       |     1 |     2 |     8 |     4 ||    15
       Berserk           |       |     3 |     6 |     3 ||    12
  Use: Scroll            |     5 |       |     6 |       ||    11
       Potion            |       |       |     1 |     1 ||     2
 Stab: Sleeping          |       |     1 |       |       ||     1
Armor: Animal skin       |    76 |    71 |    15 |       ||   162
       Robe              |       |       |    86 |       ||    86
       Acid dragon scale |       |       |     2 |    21 ||    23
       Troll leather arm |       |       |       |    56 ||    56
Dodge: Dodged            |    98 |    84 |   147 |    77 ||   406

Table legend: (Time is in decaauts)
 A = Elapsed time spent in this place.
 B = Non-inter-level travel time spent in this place.
 C = Inter-level travel time spent in this place.
 D = Time resting spent in this place.
 E = Time spent auto-exploring this place.
 F = Levels seen in this place.
 G = Mean time per level.
                   A        B        C        D        E       F      G
               +--------+--------+--------+--------+--------+-----+--------+
         Total |   6454 |   5438 |   1016 |      0 |   3977 |   9 |  717.1 |
       Dungeon |   6454 |   5438 |   1016 |      0 |   3977 |   9 |  717.1 |
               +--------+--------+--------+--------+--------+-----+--------+

Top non-repeatable levels by time:
     D:7: 1378 daAuts
     D:4: 968 daAuts
     D:5: 796 daAuts
     D:3: 786 daAuts
     D:1: 751 daAuts
     D:6: 595 daAuts
     D:2: 583 daAuts
     D:8: 526 daAuts
     D:9: 67 daAuts
